 Dungeon Crawl Stone Soup version 0.31.0-12-g77e489cdc1 (webtiles) character file.

Game seed: 16872620438519653905

110 Doomgape the Trooper (level 4, -1/30 HPs)
             Began as a Gargoyle Fighter on Feb 13, 2024.
             Slain by a killer bee (3 damage)
             ... on level 4 of the Dungeon.
             The game lasted 00:05:43 (2335 turns).

Doomgape the Trooper (Gargoyle Fighter)             Turns: 2335, Time: 00:05:44

Health: -1/30      AC: 10    Str: 21    XL:     4   Next: 91%
Magic:  4/4        EV:  9    Int:  9    God:
Gold:   1022       SH:  4    Dex:  9    Spells: 3/3 levels left

rFire   . . .        a - +0 flail
rCold   . . .        c - +0 buckler
rNeg    + . .        b - +0 scale mail
rPois   ∞            (no helmet)
rElec   +            (no cloak)
rCorr   .            (no gloves)
SInv    .            (no boots)
Will    .....        (no amulet) Stlth
                     (no ring)
HPRegen 0.25/turn    (no ring)
MPRegen 0.09/turn

%: no passive effects
@: no status effects
A: sickness immunity, AC +3, negative energy resistance 1, electricity
resistance, torment resistance 1, petrification resistance
a: no special abilities


You were on level 4 of the Dungeon.
You visited 1 branch of the dungeon, and saw 4 of its levels.

You collected 1022 gold pieces.

Inventory:

Hand Weapons
 a - a +0 flail (weapon)
Armour
 b - a +0 scale mail (worn)
 c - a +0 buckler (worn)
Jewellery
 l - a ring of willpower
Scrolls
 e - 2 scrolls of teleportation
 h - a scroll of vulnerability
 j - a scroll of immolation {unknown}
 k - 4 scrolls of identify {unknown}
 m - a scroll of poison {unknown}
 n - a scroll of brand weapon {unknown}
Potions
 d - a potion of might
 f - a potion of attraction {unknown}
 i - a potion of degeneration {unknown}
 o - 3 potions of enlightenment {unknown}


   Skills:
 + Level 4.4 Fighting
 + Level 3.2 Maces & Flails
 + Level 4.3 Armour
 - Level 3.2 Shields


You had 3 spell levels left.
You didn't know any spells.
Your spell library contained the following spells:

 Spells                   Type           Power      Damage    Failure   Level
 Magic Dart               Conj           0%         1d3       78%         1
 Searing Ray              Conj           0%         2d4       89%         2
 Fulminant Prism          Conj/Alch      0%         3d5       100%        4


Dungeon Overview and Level Annotations

Branches:
Dungeon (4/15)
 Temple: D:4-7

Altars:

Shops:
D:1 =


Innate Abilities, Weirdness & Mutations

You are immune to sickness and miasma.
Your stone body is resilient. (AC +3)
You are immune to poison.
You resist negative energy. (rN+)
You are resistant to electric shocks. (rElec)
You are resistant to unholy torment.
You are immune to petrification.


Message History

HP restored.
Things that are here:
a +0 dagger; a goblin corpse You see here a +0 dagger.
Things that are here:
a +0 short sword; a +0 animal skin; a +0 helmet
Things that are here:
a +0 dagger; a +0 club; a goblin corpse
Items here: )))) ††††††.
Okay, then.
Things that are here:
a +0 dagger; a +0 club; a goblin corpse You see here a +0 trident. 4 killer bees come into view.
Found 18 gold pieces.
The killer bee buzzes angrily. x2; You hear an angry buzzing noise.
A killer bee comes into view.
You block the killer bee's attack.
A killer bee comes into view.
The killer bee buzzes angrily.
You miss the killer bee. You block the killer bee's attack.
The killer bee stings you.
You closely miss the killer bee. The killer bee barely misses you.
The killer bee stings you. The killer bee misses you.
The killer bee barely misses you. You block the killer bee's attack. x2
You barely miss the killer bee. The killer bee stings you.
The killer bee closely misses you. x2; You block the killer bee's attack.
You barely miss the killer bee. The killer bee stings you.
The killer bee stings you!
* * * LOW HITPOINT WARNING * * *
You block the killer bee's attack. The killer bee stings you.
* * * LOW HITPOINT WARNING * * *
The killer bee barely misses you. x2
You hit the killer bee.
The killer bee is heavily wounded.
The killer bee stings you.
* * * LOW HITPOINT WARNING * * *
You block the killer bee's attack. The killer bee barely misses you.
The killer bee stings you.
You die... ..####### ..yyyyy@#

#.#####y# #...###
#.....# #..#### #....#
#### ### .####.#.# ##...
.. ...#)#.######
.#.#####.####.#.#.#....#


You could see 6 killer bees.

Vanquished Creatures
  Robin (D:4)
  2 adders
  2 dart slugs
  2 ribbon worms (D:2)
  4 endoplasms
  4 giant cockroaches
  17 goblins
  9 hobgoblins
  2 quokkas
  2 ball pythons
  7 bats
  2 frilled lizards
  8 kobolds
  5 rats
67 creatures vanquished.

Notes
Turn   | Place    | Note
-------+----------+-------------------------------------------
     0 | D:1      | Doomgape the Gargoyle Fighter began the quest for the Orb.
     0 | D:1      | Reached XP level 1. HP: 14/14 MP: 1/1
    70 | D:1      | Reached XP level 2. HP: 18/19 MP: 2/2
   432 | D:1      | Found Keorum's One-of-a-Kind Rings.
   797 | D:2      | Reached XP level 3. HP: 24/24 MP: 3/3
  1086 | D:2      | Identified a scroll of acquirement
  1086 | D:2      | Acquired 905 gold pieces
  1553 | D:2      | Reached XP level 4. HP: 28/29 MP: 4/4
  1613 | D:2      | Found a faded altar of an unknown god.
  1963 | D:3      | You fall into a shaft and drop 1 floor!
  2128 | D:4      | Noticed Robin
  2157 | D:4      | Killed Robin
  2335 | D:4      | Slain by a killer bee

Illustrated notes

Levels and vault maps discovered:
D:1:      amcnicky_arrival_gap_in_the_tavern_cellar, layout_loops_ring,
          solitary_fountain, minmay_misc_feat_tiny, nicolae_shop_unique_rings,
          chequers_garden
D:2:      minmay_angry_zag, layout_loops_ring,
          hellmonk_ecumenical_altar_prayer_group
D:3:      layout_basic, mainiacjoe_overflow_catwalk_spiral
D:4:      layout_basic, mainiacjoe_overflow_cross_hatched, uniq_robin

Skill      XL: |  1  2  3  4 |
---------------+-------------+-----
Fighting       | 4 |  4.4
Armour         | 4 |  4.3
Maces & Flails | 3 |  3.2
Shields        | |  3.2

Action                     |  1- 3 |  4- 6 || total
---------------------------+-------+-------++-------
  Melee: Flail             |   132 |    85 ||   217
    Use: Scroll            |     5 |     1 ||     6
         Potion            |       |     2 ||     2
 Armour: Scale mail        |   117 |    88 ||   205
  Dodge: Dodged            |    77 |    73 ||   150
  Block: Buckler           |    25 |    28 ||    53
